 Dungeon Crawl Stone Soup version 0.23.2 (webtiles) character file.

Game seed: 17628339612352180005

90 Fang the Skirmisher (level 4, -1/43 HPs)
             Began as a Gargoyle Berserker on Apr 12, 2019.
             Was a Believer of Trog.
             Slain by an ooze (4 damage)
             ... on level 2 of the Dungeon.
             The game lasted 00:02:01 (1370 turns).

Fang the Skirmisher (Gargoyle Berserker)            Turns: 1370, Time: 00:02:02

Health: -1/43      AC:  5    Str: 27    XL:     4   Next: 56%
Magic:  4/4        EV: 12    Int:  7    God:    Trog [**....]
Gold:   45         SH:  0    Dex:  9    Spells: 3/3 levels left

rFire    . . .     SeeInvis .   a - +0 hand axe
rCold    . . .     Gourm    .   (no shield)
rNeg     + . .     Faith    .   b - +0 animal skin
rPois    ∞         Spirit   .   (no helmet)
rElec    +         Reflect  .   (no cloak)
rCorr    .         Harm     .   (no gloves)
MR       .....                  (no boots)
Stlth    ..........             (no amulet)
HPRegen  0.14/turn              (no ring)
MPRegen  0.09/turn              (no ring)

@: berserking, slowed
A: negative energy resistance 1, electricity resistance, unbreathing,
petrification resistance, rot immunity, AC +3
a: Berserk, Trog's Hand, Renounce Religion


You were on level 2 of the Dungeon.
You worshipped Trog.
Trog was pleased with you.
You were hungry.

You visited 1 branch of the dungeon, and saw 2 of its levels.

You collected 45 gold pieces.

Inventory:

Hand Weapons
 a - a +0 hand axe (weapon)
Armour
 b - a +0 animal skin (worn)
Jewellery
 h - an uncursed amulet of regeneration {unknown}
Scrolls
 d - 3 scrolls of identify {unknown}
 e - a scroll of remove curse {unknown}
 j - a scroll of blinking {unknown}
Potions
 f - a potion of lignification {unknown}
 g - a potion of resistance {unknown}
 i - a potion of heal wounds {unknown}
Comestibles
 c - 3 rations


   Skills:
 + Level 4.0 Fighting
 + Level 3.3 Axes
 + Level 3.2 Armour
 + Level 2.2 Dodging


You had 3 spell levels left.
You didn't know any spells.
Your spell library was empty.

Dungeon Overview and Level Annotations

Branches:
Dungeon (2/15)

Altars:

Annotations:
D:2 Jessica, Natasha


Innate Abilities, Weirdness & Mutations

You are resistant to torment.
Your stone body is resilient. (AC +3)
You are immune to poison.
You resist negative energy. (rN+)
You are resistant to electric shocks. (rElec)
You can survive without breathing.
You are immune to petrification.
You are immune to rotting.


Message History

You closely miss the bat. You barely miss the leopard gecko.
The bat misses you.
The leopard gecko completely misses you.
Natasha barely misses you.
Jessica shouts, "Stop bothering me, or I'll kill you!"
Jessica casts a spell.
Jessica blinks!
The giant cockroach misses you.
You closely miss Natasha.
Natasha is lightly wounded.
You barely miss the leopard gecko. You slash the ooze!
You barely miss the giant cockroach. The bat closely misses you.
The leopard gecko bites you.
* * * LOW HITPOINT WARNING * * *
Natasha claws you.
* * * LOW HITPOINT WARNING * * *
The giant cockroach bites you.
* * * LOW HITPOINT WARNING * * *
A kobold comes into view. It is wielding a +0 dagger.
The ooze hits you.
You die...

..# ##.....# #..
#.....(#
..l##..##..#
#......##..####
##### #...##.....#
#....
##......###.###....
#....#### #........
##s...# #...#....
#.h@.b# #..#......
#.lJ### #.###.####
....K.# #.. #.####
K....##.# ...#
#....# .@... ...
.### ####.# ....
.[. # #.# ... ....
#.# ).. ..... #..
##.


You could see Natasha, an ooze, Jessica, a leopard gecko, a giant cockroach, a
bat and 2 kobolds.

Vanquished Creatures
  Robin (D:2)
  2 adders (D:2)
  An ooze (D:1)
  2 dart slugs (D:1)
  A leopard gecko (D:1)
  5 bats
  A giant cockroach (D:1)
  13 goblins
  10 hobgoblins
  2 jackals (D:2)
  3 frilled lizards
  A kobold (D:1)
  6 rats
48 creatures vanquished.

Notes
Turn   | Place    | Note
-------+----------+-------------------------------------------
     0 | D:1      | Fang the Gargoyle Berserker began the quest for the Orb.
     0 | D:1      | Reached XP level 1. HP: 14/14 MP: 1/1
    68 | D:1      | Reached XP level 2. HP: 17/19 MP: 2/2
   633 | D:1      | Reached XP level 3. HP: 23/23 MP: 3/3
   783 | D:1      | Reached ** piety under Trog
   884 | D:2      | Noticed Robin
   887 | D:2      | Reached XP level 4. HP: 20/29 MP: 4/4
  1315 | D:2      | Killed Robin
  1315 | D:2      | Reached skill level 4 in Fighting
  1360 | D:2      | Noticed Natasha
  1361 | D:2      | Noticed Jessica
  1370 | D:2      | Slain by an ooze

Skill      XL: |  1  2  3  4 |
---------------+-------------+-----
Axes           | 3 |  3.3
Dodging        | 2 |  2.2
Armour         | 3 |  3.2
Fighting       | 4 |  4.0

Action                   |  1- 3 |  4- 6 || total
-------------------------+-------+-------++-------
Melee: Hand axe          |    78 |    21 ||    99
Invok: Berserk           |     1 |     2 ||     3
  Eat: Chunk             |       |     3 ||     3
Armor: Animal skin       |    38 |     9 ||    47
Dodge: Dodged            |    71 |    36 ||   107
